 Dungeon Crawl Stone Soup version 0.24.0-41-g2ae2f7f1be (console) character file.

Game seed: 10209021510039123266, levelgen mode: deterministic

9673 Kagalorn the Transmogrifier (level 11, -2/89 HPs)
             Began as a Yellow Draconian Transmuter on Dec 9, 2019.
             Was a Priest of Ashenzari.
             Slain by a fire dragon (3 damage)
             ... on level 8 of the Dungeon.
             The game lasted 00:44:09 (14996 turns).

Kagalorn the Transmogrifier (DrTm)                 Turns: 14996, Time: 00:44:09

Health: -2/89      AC:  9    Str: 13    XL:     11   Next: 26%
Magic:  16/20      EV: 20    Int: 17    God:    Ashenzari [***...]
Gold:   461        SH:  0    Dex: 16    Spells: 9/22 levels left

rFire    . . .     SeeInvis +     - Unarmed
rCold    . . .     Gourm    .   (shield currently unavailable)
rNeg     + . .     Faith    .   (armour unavailable)
rPois    .         Spirit   .   (helmet restricted)
rElec    .         Reflect  .   A - +0 cloak
rCorr    +         Harm     .   (gloves currently unavailable)
MR       .....                  (no boots)
Stlth    ++........             F - amulet of the acrobat
HPRegen  0.24/turn              l - +1 ring of protection
MPRegen  0.17/turn              G - ring of positive energy

@: agile, blade hands (expiring)
A: spit acid, unfitting armour, cold-blooded, acid resistance, AC +7
a: Breathe Acid, End Transformation, Curse Item, Scrying, Renounce Religion


You were on level 8 of the Dungeon.
You worshipped Ashenzari.
Ashenzari was most pleased with you.
You were hungry.
You had blades for hands.
You visited 1 branch of the dungeon, and saw 11 of its levels.
You also visited: Sewer and Bailey.

You collected 461 gold pieces.

Inventory:

Armour
 A - a +0 cloak (worn)
Jewellery
 l - a +1 ring of protection (left scythe-like blade)
 E - the ring "Run Kesm" {rPois rF- rC+ Str+3 Int+4}
   (You took it off an orc on level 9 of the Dungeon)

   [ring of strength]

   It affects your strength (+3).
   It affects your intelligence (+4).
   It makes you vulnerable to fire.
   It protects you from cold.
   It protects you from poison.
 F - an amulet of the acrobat (around neck)
 G - a ring of positive energy (right scythe-like blade)
Wands
 v - a wand of scattershot (3)
 w - a wand of iceblast (3)
 y - a wand of clouds (5)
 H - a wand of polymorph (22)
 K - a wand of digging (4)
Scrolls
 b - 5 scrolls of remove curse
 d - 4 scrolls of fog
 e - a scroll of noise {unknown}
 f - 3 scrolls of teleportation
 g - a scroll of fear {unknown}
 h - a scroll of summoning {unknown}
 s - a scroll of amnesia {unknown}
 t - a scroll of enchant weapon {unknown}
 u - a scroll of acquirement {unknown}
 x - 2 scrolls of enchant armour
 B - a scroll of magic mapping
Potions
 a - 2 potions of brilliance
 i - a potion of cancellation
 j - 3 potions of haste
 k - 5 potions of curing {unknown}
 m - 2 potions of mutation
 n - 2 potions of flight
 o - 2 potions of heal wounds
 p - 2 potions of agility
 q - 2 potions of might
 r - 3 potions of lignification
 z - a potion of invisibility
Miscellaneous
 D - a phantom mirror
 I - a lightning rod (4/4)
Comestibles
 c - 14 rations


   Skills:
 + Level 6.1 Fighting
 + Level 5.3 Dodging
 - Level 10.0 Unarmed Combat
 - Level 6.0 Spellcasting
 - Level 10.1 Transmutations
 + Level 4.5 Ice Magic
 - Level 2.0 Poison Magic


You had 9 spell levels left.
You knew the following spells:

 Your Spells              Type           Power        Failure   Level  Hunger
a - Beastly Appendage     Tmut           #####.       9%          1    None
b - Spider Form           Tmut/Pois      ####......   26%         3    ##.....
c - Ice Form              Ice/Tmut       ####....     36%         4    ####...
d - Blade Hands           Tmut           #####.....   34%         5    #####..

Your spell library contained the following spells:

 Spells                   Type           Power        Failure   Level  Hunger
 Sticks to Snakes         Tmut           #####...     10%         2    None
 Animate Skeleton         Necr           N/A          52%         1    None
 Pain                     Necr           #...         52%         1    None
 Regeneration             Chrm/Necr      #.........   78%         3    ##.....
 Vampiric Draining        Necr           #.........   78%         3    ##.....
 Animate Dead             Necr           N/A          97%         4    ####...
 Venom Bolt               Conj/Pois      #.........   99%         5    #####..
 Bolt of Magma            Conj/Fire/Erth #.........   100%        5    #####..
 Iskenderun's Battlesphe  Conj/Chrm      #.......     100%        5    #####..
 Iron Shot                Conj/Erth      #.........   100%        6    #######
 Orb of Destruction       Conj           #.........   100%        7    #######
 Spellforged Servitor     Conj/Summ      #.........   100%        7    #######


Dungeon Overview and Level Annotations

Branches:
Dungeon (11/15)            Temple (0/1) D:4            Lair (0/6) D:8
    Orc (0/2) D:9           Sewer (visited)          Bailey (visited)

Altars:
Ashenzari
Hepliaklqana
Makhleb
Okawaru
Ru
Trog
Wu Jian
The Shining One


Innate Abilities, Weirdness & Mutations

You can spit globs of acid.
Your golden yellow scales are hard. (AC +7)
You cannot fit into any form of body armour.
You are cold-blooded and may be slowed by cold attacks.
You are resistant to acid. (rCorr)


Message History

The fire dragon barely misses you.
You slice the fire dragon!!
The fire dragon is almost dead.
The fire dragon breathes flames at you. The blast of flame hits you!
You hit the fire dragon but do no damage.
Your slash misses the fire dragon.
The fire dragon is almost dead.
The fire dragon breathes flames at you. The blast of flame hits you!!
* * * LOW HITPOINT WARNING * * *
You hit the fire dragon.
The fire dragon is almost dead.
Your transformation is almost over.
You hit the fire dragon.
The fire dragon is almost dead.
The fire dragon bites you.
* * * LOW HITPOINT WARNING * * *
The fire dragon claws you.
You die...

, , ..P..P..#....# ,
..PPPP..#.>..# ,
..............#, ,
.8............## ,
.................. *
PP...PPPP......... , ,
P♣PP...P..P.?.......
.P..P...P..P.D.......
.....PPP...PPP..@.....#.
*.....................#
,
##.....................#
...................##..#
...................# ..
,
........#.............,.
, ........##.###....#...
, ,
..........###...###....,
, .._..##.......### *
... , , ,


You could see a fire dragon.

Vanquished Creatures
  Erica (D:9)
  A two-headed ogre (D:11)
  An unseen horror (D:11)
  2 manticores (D:10)
  Prince Ribbit (D:5)
  A hornet (D:10)
  A wraith (D:11)
  A basilisk (D:11)
  A hungry ghost (D:11)
  3 water moccasins
  4 orc warriors
  4 sky beasts
  2 ice beasts
  A black bear (D:11)
  3 ogres
  A phantom (D:8)
  7 centaurs
  6 big kobolds
  4 bullfrogs
  8 gnoll sergeants (Bailey)
  A wyvern skeleton (D:9)
  A water moccasin skeleton (D:10)
  3 scorpions
  6 killer bees
  3 wights (D:7)
  3 howler monkeys (D:9)
  2 crimson imps
  A quasit (D:5)
  6 gnoll shamans (Bailey)
  2 centaur skeletons
  4 orc priests
  11 hounds
  12 orc wizards
  6 iguanas
  4 worker ants
  2 hound skeletons
  A howler monkey zombie (D:6)
  A howler monkey skeleton (D:9)
  2 worker ant zombies
  16 adders
  18 gnolls
  A river rat (Sewer)
  3 shadow imps
  4 oozes
  An adder skeleton (D:4)
  9 worms
  6 dart slugs
  3 leopard geckos
  37 orcs
  3 bats
  10 giant cockroaches
  4 goblins
  7 hobgoblins
  6 jackals
  6 quokkas
  7 ball pythons
  8 frilled lizards
  16 kobolds
  A quokka skeleton (D:5)
  31 rats
321 creatures vanquished.

Notes
Turn   | Place    | Note
-------+----------+-------------------------------------------
     0 | D:1      | Kagalorn the Draconian Transmuter began the quest for the
                  | Orb.
     0 | D:1      | Reached XP level 1. HP: 16/16 MP: 3/3
   180 | D:1      | Reached XP level 2. HP: 15/23 MP: 3/5
   211 | D:1      | You fall into a shaft and drop 1 floor!
   229 | D:2      | Found a shattered altar of Ashenzari.
   268 | D:2      | Became a worshipper of Ashenzari the Shackled
   775 | D:1      | Reached XP level 3. HP: 28/28 MP: 6/6
  1465 | D:2      | Reached XP level 4. HP: 16/36 MP: 7/7
  1932 | D:3      | Reached skill level 5 in Unarmed Combat
  1984 | D:3      | Found a hazy altar of Hepliaklqana.
  2275 | D:3      | Reached XP level 5. HP: 33/41 MP: 6/8
  2290 | D:3      | Found a burning altar of Makhleb.
  2504 | D:3      | Noticed an ogre
  2706 | D:3      | Found an iron altar of Okawaru.
  2818 | D:4      | Found a staircase to the Ecumenical Temple.
  2829 | D:4      | Reached * piety under Ashenzari
  2834 | D:4      | Noticed an ogre
  2845 | D:4      | Killed an ogre
  2845 | D:4      | Reached XP level 6. HP: 12/49 MP: 7/9
  3128 | D:4      | Found a glowing drain.
  3198 | Sewer    | Entered a sewer
  3574 | Sewer    | Your scales start taking on a golden yellow colour.
  3574 | Sewer    | Reached XP level 7. HP: 46/56 MP: 9/11
  3574 | Sewer    | Gained mutation: You are resistant to acid. (rCorr) [Yellow
                  | Draconian growth]
  4111 | D:4      | Found a bloodstained altar of Trog.
  4111 | D:4      | Found a sacrificial altar of Ru.
  4512 | D:4      | Learned a level 3 spell: Spider Form
  4884 | D:5      | Entered Level 5 of the Dungeon
  4988 | D:5      | Noticed Prince Ribbit
  4998 | D:5      | Killed Prince Ribbit
  4998 | D:5      | Reached skill level 1 in Poison Magic
  4998 | D:5      | Reached XP level 8. HP: 39/63 MP: 10/13
  5078 | D:5      | Reached ** piety under Ashenzari
  6048 | D:6      | Found an ornate altar of the Wu Jian Council.
  7050 | D:7      | Reached XP level 9. HP: 39/71 MP: 13/15
  7467 | D:7      | Reached skill level 5 in Transmutations
  7753 | D:7      | Reached skill level 10 in Unarmed Combat
  8677 | D:8      | Reached skill level 5 in Fighting
  8685 | D:8      | Learned a level 4 spell: Ice Form
  9186 | D:8      | Found a staircase to the Lair.
  9186 | D:8      | Noticed a fire dragon
  9412 | D:9      | Noticed Erica
  9441 | D:9      | Killed Erica
 10256 | D:9      | Reached XP level 10. HP: 65/81 MP: 13/16
 10533 | D:9      | Identified the ring "Run Kesm" {rPois rF- rC+ Str+3 Int+4}
 10832 | D:9      | Found a staircase to the Orcish Mines.
 10993 | D:9      | Reached *** piety under Ashenzari
 11185 | D:10     | Entered Level 10 of the Dungeon
 11194 | D:10     | Found a flagged portal.
 11413 | Bailey   | Entered a bailey
 11651 | Bailey   | Learned a level 5 spell: Blade Hands
 12339 | Bailey   | Identified the +0 steam dragon scales of Qiecwog {*Corrode
                  | rElec rF+ rC+}
 13228 | D:10     | Reached skill level 5 in Spellcasting
 13283 | D:10     | Noticed a manticore
 13295 | D:10     | Killed a manticore
 13405 | D:10     | Noticed a manticore
 13414 | D:10     | Killed a manticore
 13839 | D:11     | Reached XP level 11. HP: 24/89 MP: 13/19
 14270 | D:11     | Noticed a two-headed ogre
 14274 | D:11     | Noticed an unseen horror
 14276 | D:11     | Killed a two-headed ogre
 14276 | D:11     | Reached skill level 10 in Transmutations
 14289 | D:11     | Killed an unseen horror
 14289 | D:11     | Reached skill level 5 in Dodging
 14803 | D:11     | Noticed a two-headed ogre
 14962 | D:8      | Found a glowing golden altar of the Shining One.
 14996 | D:8      | HP: 1/89 [fire dragon (6)]
 14996 | D:8      | Slain by a fire dragon

Levels and vault maps discovered:
D:1:      ncdulo_halloftheorcs, layout_loops_corners,
          minmay_misc_feat_four_crosses
D:2:      layout_loops_ring, old_standard_altar, chequers_serial_rivers_small_a,
          minmay_rat_hole
D:3:      layout_loops_corners, old_standard_altar,
          nicolae_overflow_hidden_temple, makhleb_heckhound_becter, uniq_terence
D:4:      layout_loops_corners, gammafunk_temple_overflow_elements,
          minmay_temple_entry_wispy, gup_sewer_entry_bubbles, first_ration
D:5:      layout_gridville, uniq_prince_ribbit1
D:6:      layout_loops_cross, lemuel_round_altar
D:7:      layout_basic
D:8:      layout_cave_pools, minmay_lair_entry_lava, basic_altar, serial_park,
          serial_park_square2, serial_park_square2,
          hangedman_little_slice_of_home, david_defended_altar_orc
D:9:      layout_stronghold, david_orc_2, uniq_erica
D:10:     layout_irregular_city, enter_bailey_8
D:11:     layout_cave_pods

Skill      XL: |  1  2  3  4  5  6  7  8  9 10 11 |
---------------+----------------------------------+-----
Unarmed Combat | 4 5 6 7 8 9 10 | 10.0
Fighting       | 2 3 4 5 6 |  6.1
Spellcasting   | 3 4 5 6 |  6.0
Transmutations | 3 4 8 9 10 | 10.1
Poison Magic   | 1 2 |  2.0
Ice Magic      | 3 4 |  4.5
Dodging        | 4 5 |  5.3

Action                   |  1- 3 |  4- 6 |  7- 9 | 10-12 || total
-------------------------+-------+-------+-------+-------++-------
Melee: Unarmed           |   173 |   222 |   451 |   343 ||  1189
       Tailslap          |    19 |    18 |    15 |    11 ||    63
       Kick              |    11 |    12 |    19 |       ||    42
       Headbutt          |    13 |    11 |    11 |       ||    35
       Punch             |       |     4 |    10 |     2 ||    16
 Cast: Beastly Appendage |    16 |    27 |    34 |     4 ||    81
       Spider Form       |       |       |    34 |     5 ||    39
       Ice Form          |       |       |       |    17 ||    17
       Blade Hands       |       |       |       |    13 ||    13
Evoke: Wand              |       |       |     8 |     1 ||     9
  Use: Scroll            |       |       |    10 |     8 ||    18
       Potion            |       |       |       |     2 ||     2
 Stab: Sleeping          |     6 |       |     3 |       ||     9
       Confused          |       |       |       |     1 ||     1
  Eat: Chunk             |     2 |     8 |    20 |     7 ||    37
       Ration            |       |       |     1 |     5 ||     6
Armor: Skin              |    29 |    56 |   110 |    88 ||   283
Dodge: Dodged            |    84 |   130 |   310 |   247 ||   771
